 Dungeon Crawl Stone Soup version 0.28-a0-1002-gf00fe891ef (webtiles) character file.

Game seed: 12444920096257185204

11630 spiderkeys the Nimble (level 11, -4/59 HPs)
             Began as a Spriggan Abyssal Knight on Dec 7, 2021.
             Was a High Priest of Lugonu.
             Slain by a death yak (21 damage)
             ... on level 10 of the Dungeon.
             The game lasted 00:32:17 (15169 turns).

spiderkeys the Nimble (Spriggan Abyssal Knight)    Turns: 15169, Time: 00:32:18

Health: -4/59      AC:  3    Str:  9    XL:     11   Next: 51%
Magic:  21/21      EV: 27    Int: 11    God:    Lugonu [*****.]
Gold:   524        SH:  0    Dex: 21    Spells: 18/22 levels left

rFire   . . .      SeeInvis +   a - +4 short sword (spect)
rCold   . . .      Faith    .   (shield restricted)
rNeg    . . .      Spirit   .   b - +1 robe
rPois   .          Reflect  .   (helmet restricted)
rElec   .          Harm     .   (no cloak)
rCorr   +          Rampage  .   (gloves unavailable)
Will    +....                   (boots unavailable)
Stlth   ++++......              (no amulet)
HPRegen 0.19/turn               R - ring of resist corrosion
MPRegen 0.17/turn               Z - ring of wizardry

@: very quick
A: very small, no large weapons, unfitting armour, see invisible, speed 3
a: Renounce Religion, Depart the Abyss, Bend Space, Banish, Corrupt, Enter the
Abyss


You were on level 10 of the Dungeon.
You worshipped Lugonu.
Lugonu was extremely pleased with you.
You visited 1 branch of the dungeon, and saw 10 of its levels.
You visited the Abyss 1 time.

You collected 524 gold pieces.


Innate Abilities, Weirdness & Mutations

You are very small and have problems with some larger weapons.
You are too small for most types of armour.
You have supernaturally acute eyesight. (SInv)
You cover ground extremely quickly. (Speed+++)


   Skills:
 + Level 7.7 Fighting
 + Level 6.2 Short Blades
 + Level 11.6 Dodging
 - Level 8.4 Stealth
 - Level 6.3 Spellcasting
 - Level 6.3 Hexes
 + Level 9.0 Invocations
 + Level 0.2 Evocations


You had 18 spell levels left.
You knew the following spells:

 Your Spells              Type           Power      Damage    Failure   Level
c - Confusing Touch       Hex            17%        N/A       1%          3
s - Slow                  Hex            68%        N/A       1%          1

Your spell library contained the following spells:

 Spells                   Type           Power      Damage    Failure   Level
 Vampiric Draining        Necr           3%         2d6       22%         3

Inventory:

Hand Weapons
 a - a +4 spectral short sword (weapon)
 s - a +2 whip of electrocution
   (You took it off a kobold on level 2 of the Dungeon)
Missiles
 d - 125 arrows
 f - 471 stones
 k - 88 bolts
 o - 39 poisoned darts
 r - 3 boomerangs
 t - 42 sling bullets
 z - a throwing net {=f!f}
 B - 2 atropa-tipped darts
Armour
 b - a +1 robe (worn)
Magical Staves
 h - a staff of earth {!a}
   (You found it on level 8 of the Dungeon)
Jewellery
 R - a ring of resist corrosion (left hand)
   (You found it on level 2 of the Abyss)
 W - a ring of magical power
   (You found it on level 4 of the Dungeon)
 Z - a ring of wizardry (right hand)
   (You took it off a wight on level 7 of the Dungeon)
Wands
 g - a wand of mindburst (27)
   (You found it on level 7 of the Dungeon)
 q - a wand of iceblast (1)
   (You took it off Ijyb on level 3 of the Dungeon)
 v - a wand of acid (4)
   (You found it on level 8 of the Dungeon)
 y - a wand of polymorph (5)
   (You found it on level 10 of the Dungeon)
Scrolls
 e - 4 scrolls of amnesia
 i - 3 scrolls of blinking {!r}
 j - a scroll of summoning
 l - 2 scrolls of teleportation {@r4}
 w - 2 scrolls of immolation {!r!r}
 x - a scroll of enchant armour
Potions
 c - 4 potions of flight
 m - a potion of brilliance
 n - a potion of might
 p - a potion of cancellation
 u - 2 potions of magic {unknown}
 A - a potion of invisibility
 C - a potion of curing {unknown}

Dungeon Overview and Level Annotations

Branches:
Dungeon (10/15)            Temple (0/1) D:4            Lair (0/6) D:10
    Orc: D:9-12

Altars:
Hepliaklqana
Makhleb
Okawaru
Trog
Wu Jian
Xom
Yredelemnul

.## #.# #.# ##..# ##.####.# #.#
##.# ##.###...# #..#..#.
#.###^.#####..##....# ##..####
#...................# ##.## #
............#.......# ##.## #
.....โ€ ...((..(......#####..# #
....Y.)#...................# #
..Y..#####.................## ##
...### ###...Y@......##...####.
..## #...#(....#####....... ...#
#.......######........ ...#
##.....รท.........###...
...########..................รท...
......Y...............##.........
...............>....######....###
....####...........#.# #..##.##
....#..............### ##..#####


You could see a death yak and a friendly +4 spectral short sword (summoned).


Message History

No target in view!
No target in view!
Unknown command.
There are monsters nearby!
There are monsters nearby!
There are monsters nearby!
Unknown command.
There are monsters nearby! ๐Ÿ˜• HP[+2]
You regained 2 hp, and now have 58/59 hp.
The kobold brigand shouts!
The kobold shouts!
You hit the kobold brigand.
Your +4 spectral short sword hits the kobold brigand!
The kobold brigand hits your +4 spectral short sword with a +0 short sword.
You catch the helpless kobold brigand completely off-guard!
You impale the kobold brigand!!
You kill the kobold brigand!
Lugonu accepts your kill.
Items here: ( )) โ€ โ€ .
You hit the kobold.
You kill the kobold!
Lugonu accepts your kill.
You closely miss the kobold.
Your +4 spectral short sword barely misses the kobold.
You hit the kobold.
Your +4 spectral short sword hits the kobold!
You kill the kobold!
Lugonu accepts your kill.
No target in view!
No target in view!
No target in view!
o - 28 poisoned darts (gained 5)
Items here: )) โ€ โ€ . ๐Ÿ˜Ž HP[+1]
Your hp is fully restored (59).
o - 34 poisoned darts (gained 6)
You see here a +0 club.
w - 2 scrolls of immolation {!r!r} (gained 1)
You see here a +1 dagger of electrocution.
Items here: )) โ€ โ€ .
f - 467 stones (gained 3)
Things that are here:
a +0 short sword; a +0 dagger; a kobold corpse
f - 471 stones (gained 4)
You see here a +0 dagger.
Key pressed, stopping explore.
You now have 524 gold pieces (gained 14).
o - 35 poisoned darts (gained 1)
o - 37 poisoned darts (gained 2)
o - 38 poisoned darts (gained 1)
o - 39 poisoned darts (gained 1)
A death yak is nearby!
Casting: Slow (safe; 1% risk of failure)
Confirm with . or Enter, or press ? or * to list all spells.
Okay, then.
You aren't in the Abyss!
Unknown command.
Aiming: Corrosive Bolt
Press: ? - help, Shift-Dir - straight line, f - death yak
Aim: a death yak (90% to hit)
The bolt of acid hits the death yak!
The acid corrodes the death yak!
You hit the death yak.
Your +4 spectral short sword hits the death yak!
The death yak gores you. ๐Ÿ˜• HP[-3]
You take 3 damage, and now have 56/59 hp.
You hit the death yak.
Your +4 spectral short sword hits the death yak.
You hit the death yak.
Your +4 spectral short sword hits the death yak!
The death yak closely misses you.
You hit the death yak.
Your +4 spectral short sword barely misses the death yak.
The death yak barely misses you.
You barely miss the death yak.
Your +4 spectral short sword hits the death yak.
The death yak gores you!!
You hit the death yak.
Your +4 spectral short sword hits the death yak!
The death yak is no longer covered in acid.
The death yak misses you. ๐Ÿ˜ฎ HP[-19]
You take 19 damage, and now have 37/59 hp.
MASSIVE DAMAGE!! (PAUSE)
You hit the death yak but do no damage.
Your +4 spectral short sword hits the death yak but does no damage.
You hit the death yak.
Your +4 spectral short sword hits the death yak!
The death yak gores you!!
* * * LOW HITPOINT WARNING * * *
๐Ÿ˜จ HP[-20]
You take 20 damage, and now have 17/59 hp.
MASSIVE DAMAGE!! (PAUSE)
You hit the death yak but do no damage.
Your +4 spectral short sword hits the death yak.
The death yak barely misses you.
You hit the death yak but do no damage.
Your +4 spectral short sword hits the death yak.
The death yak gores you!!
You die...

Skill      XL: |  1  2  3  4  5  6  7  8  9 10 11 |
---------------+----------------------------------+-----
Stealth        | 1 2 3 4 5 6 8 |  8.4
Invocations    | 2 3 4 5 6 7 9 |  9.0
Short Blades   | 3 4 6 |  6.2
Dodging        | 4 5 6 7 9 10 11 | 11.6
Fighting       | 3 4 5 6 7 |  7.7
Spellcasting   | 3 6 |  6.3
Hexes          | 3 6 |  6.3
Evocations     | |  0.2

Action                   |  1- 3 |  4- 6 |  7- 9 | 10-12 || total
-------------------------+-------+-------+-------+-------++-------
Melee: Short sword       |    73 |    76 |   303 |   306 ||   758
Throw: Dart              |       |     8 |     2 |    15 ||    25
       Stone             |       |       |     6 |     4 ||    10
 Cast: Slow              |       |       |     4 |    13 ||    17
       Confusing Touch   |       |       |       |     8 ||     8
Invok: Bend Space        |       |       |     1 |     1 ||     2
       Banish            |       |       |     1 |       ||     1
Evoke: Wand              |       |     4 |     1 |    12 ||    17
  Use: Scroll            |     2 |    12 |     4 |     2 ||    20
       Potion            |       |     3 |     6 |       ||     9
 Stab: Sleeping          |     6 |     5 |    28 |     3 ||    42
       Distracted        |       |       |     7 |     4 ||    11
       Confused          |       |       |       |     9 ||     9
Armor: Robe              |     7 |     2 |    21 |    11 ||    41
Dodge: Dodged            |    46 |    41 |   184 |   219 ||   490

Levels and vault maps discovered:
D:1:      onia_arrival_mini_spirals, layout_basic
D:2:      layout_basic, ebering_ecumenical_altar_webs, serial_bayou,
          serial_bayou_shore_b, serial_bayou_pond_b, serial_bayou_pond_b,
          serial_bayou_pond_a
D:3:      kennysheep_the_goblin_king, layout_loops_ring, lemuel_round_altar
D:4:      minmay_evil_eye, layout_loops_ring,
          minmay_temple_entry_enclosed_plants, minmay_hedge_maze
D:5:      layout_gridville
D:6:      layout_rooms, mainiacjoe_overflow_big_doors
D:7:      layout_basic, mainiacjoe_overflow_boulevard, uniq_menkaure
D:8:      layout_layer_cave, lemuel_round_altar, lightli_temple_of_fire,
          grunt_ogre_cave, grunt_ministairs_3
D:9:      layout_loops_ring, nzn_wu_jian_contemplation, kennysheep_minor_cross,
          kennysheep_small_square
D:10:     layout_layer_cave, dpeg_lair_monsters,
          minmay_fractal_squares_gapless_5

Notes
Turn   | Place    | Note
-------+----------+-------------------------------------------
     0 | Abyss:1  | spiderkeys the Spriggan Abyssal Knight began the quest for
                  | the Orb.
     0 | Abyss:1  | Reached XP level 1. HP: 11/11 MP: 3/3
     0 | Abyss:1  | magus.rc [v1.9.10]
   105 | Abyss:1  | Noticed a nagaraja skeleton
   137 | Abyss:1  | Noticed a glowing orange brain
   206 | Abyss:2  | Noticed a raiju
   239 | Abyss:3  | Noticed a small abomination
   242 | Abyss:3  | Noticed a rust devil
   298 | Abyss:5  | Entered Level 5 of the Abyss
   316 | Abyss:5  | Noticed a worldbinder
   321 | Abyss:5  | Noticed a profane servitor
   323 | D:1      | You pass through the gate.
   323 | D:1      | Escaped the Abyss
   539 | D:1      | Reached skill level 1 in Stealth
   539 | D:1      | Reached skill level 2 in Invocations
   539 | D:1      | Reached XP level 2. HP: 16/16 MP: 4/4
   822 | D:1      | Reached ** piety under Lugonu
   901 | D:1      | Reached XP level 3. HP: 19/19 MP: 5/5
  1452 | D:2      | Reached skill level 2 in Stealth
  1459 | D:2      | Found a faded altar of an unknown god.
  1816 | D:2      | Reached XP level 4. HP: 23/23 MP: 6/6
  1861 | D:2      | Reached skill level 3 in Short Blades
  2024 | D:2      | Reached skill level 4 in Dodging
  2417 | D:3      | Reached skill level 3 in Stealth
  2419 | D:3      | HP: 4/23 [gnoll (3)]
  2423 | D:3      | Reached skill level 3 in Fighting
  2683 | D:3      | Reached *** piety under Lugonu
  2729 | D:3      | Found a basalt altar of Yredelemnul.
  2806 | D:3      | Reached XP level 5. HP: 26/28 MP: 8/8
  2824 | D:3      | You fall into a shaft and drop 3 floors!
  2824 | D:6      | Noticed a vampire mosquito
  2824 | D:6      | Noticed a vampire mosquito
  2824 | D:6      | Noticed a vampire mosquito
  3285 | D:7      | Noticed a water moccasin
  3298 | D:7      | Killed a water moccasin
  3299 | D:7      | Reached skill level 3 in Invocations
  3303 | D:7      | HP: 7/28 [poisoned by a water moccasin]
  3595 | D:7      | Noticed a wraith
  3605 | D:7      | Killed a wraith
  3606 | D:7      | Reached skill level 5 in Dodging
  3606 | D:7      | Reached skill level 4 in Stealth
  3606 | D:7      | Reached XP level 6. HP: 21/32 MP: 9/9
  3748 | D:7      | Reached skill level 4 in Short Blades
  3834 | D:7      | Noticed an orc warrior
  4082 | D:7      | Killed an orc warrior
  4083 | D:7      | Reached skill level 5 in Stealth
  4083 | D:7      | Reached XP level 7. HP: 26/37 MP: 10/10
  4290 | D:7      | Found a bloodstained altar of Trog.
  4309 | D:7      | Reached skill level 4 in Invocations
  4378 | D:7      | Reached skill level 4 in Fighting
  4380 | D:7      | HP: 5/37 [killer bee (7)]
  4384 | D:7      | Reached skill level 6 in Stealth
  4386 | D:7      | HP: 3/55 [poisoned by a killer bee]
  4387 | D:7      | HP: 1/37 [poisoned by a killer bee]
  4846 | D:7      | Reached skill level 6 in Dodging
  5020 | D:7      | Reached XP level 8. HP: 39/42 MP: 12/12
  5075 | D:7      | Reached skill level 5 in Short Blades
  5396 | D:7      | Noticed Menkaure
  5410 | D:7      | Killed Menkaure
  5411 | D:7      | Reached skill level 7 in Stealth
  5752 | D:5      | Entered Level 5 of the Dungeon
  5826 | D:5      | Reached skill level 5 in Invocations
  6061 | D:4      | Identified the +3 ring mail of Mecsov {rF+}
  6095 | D:4      | Reached skill level 7 in Dodging
  6267 | D:3      | Noticed Ijyb
  6310 | D:3      | Killed Ijyb
  6367 | D:3      | Reached **** piety under Lugonu
  6925 | D:4      | Reached skill level 8 in Stealth
  7111 | D:4      | Reached skill level 6 in Short Blades
  7189 | D:4      | Found a staircase to the Ecumenical Temple.
  7350 | D:5      | Reached skill level 5 in Fighting
  7372 | D:5      | Reached XP level 9. HP: 39/47 MP: 14/14
  7540 | D:5      | You pick up a book of Debilitation and begin reading...
  7540 | D:5      | You add the spells Slow, Vampiric Draining and Confusing
                  | Touch to your library.
  7545 | D:5      | Learned a level 3 spell: Confusing Touch
  7547 | D:5      | Learned a level 1 spell: Slow
  7895 | D:6      | Reached skill level 1 in Spellcasting
  8048 | D:6      | Found an iron altar of Okawaru.
  8057 | D:6      | Found a shimmering altar of Xom.
  8115 | D:6      | Reached skill level 1 in Hexes
  8124 | D:6      | Reached skill level 8 in Dodging
  8333 | D:6      | Reached ***** piety under Lugonu
  8334 | D:6      | Reached skill level 6 in Invocations
  8466 | D:6      | Reached skill level 2 in Spellcasting
  8466 | D:6      | Reached skill level 2 in Hexes
  8822 | D:7      | HP: 9/47 [killer bee (7)]
  8835 | D:7      | Reached skill level 3 in Spellcasting
  8835 | D:7      | Reached skill level 3 in Hexes
  8840 | D:7      | HP: 12/48 [killer bee (6)]
  8852 | D:7      | HP: 5/48 [killer bee (7)]
  9830 | D:8      | Reached skill level 9 in Dodging
  9830 | D:8      | Reached XP level 10. HP: 36/53 MP: 13/16
 10072 | D:8      | Reached skill level 6 in Fighting
 10072 | D:8      | Reached skill level 4 in Spellcasting
 10072 | D:8      | Reached skill level 4 in Hexes
 10235 | D:8      | Noticed a two-headed ogre
 10258 | D:8      | Killed a two-headed ogre
 10259 | D:8      | Reached skill level 7 in Invocations
 10384 | D:8      | Found a hazy altar of Hepliaklqana.
 10649 | D:8      | Found a burning altar of Makhleb.
 11266 | D:9      | Reached skill level 5 in Hexes
 11460 | D:9      | Noticed a two-headed ogre
 11486 | D:9      | Reached skill level 5 in Spellcasting
 11499 | D:9      | Killed a two-headed ogre
 11559 | D:9      | Reached skill level 10 in Dodging
 11701 | D:9      | Noticed a two-headed ogre
 11730 | D:9      | Killed a two-headed ogre
 11788 | D:9      | Reached skill level 6 in Hexes
 11798 | D:9      | Reached skill level 6 in Spellcasting
 11798 | D:9      | HP: 13/53 [poisoned by a killer bee]
 12227 | D:9      | Found an ornate altar of the Wu Jian Council.
 12370 | D:9      | Reached XP level 11. HP: 19/58 MP: 21/21
 12866 | D:10     | Entered Level 10 of the Dungeon
 13352 | D:10     | Noticed a death yak
 13352 | D:10     | Noticed a death yak
 13428 | D:10     | Noticed a death yak
 13431 | D:10     | Noticed a death yak
 13434 | D:10     | Found a staircase to the Lair.
 13439 | D:10     | Noticed a death yak
 13486 | D:10     | Noticed a two-headed ogre
 13502 | D:10     | Killed a two-headed ogre
 13503 | D:10     | Reached skill level 7 in Fighting
 13503 | D:10     | Reached skill level 8 in Invocations
 13677 | D:10     | Noticed a death yak
 14254 | D:10     | Noticed a death yak
 14273 | D:10     | Killed a death yak
 14273 | D:10     | Killed a death yak
 14274 | D:10     | Reached skill level 11 in Dodging
 14292 | D:10     | Killed a death yak
 14463 | D:10     | HP: 10/58 [death yak (25)]
 14469 | D:10     | Killed a death yak
 14470 | D:10     | Reached skill level 9 in Invocations
 14479 | D:9      | HP: 9/59 [poisoned by a kobold brigand]
 14484 | D:9      | HP: 4/59 [poisoned by a kobold brigand]
 15169 | D:10     | Slain by a death yak

Vanquished Creatures
  4 two-headed ogres
  4 death yaks (D:10)
  A gargoyle (D:10)
  A kobold demonologist (D:9)
  A shadow (D:10)
  A wyvern (D:8)
  A yak (D:9)
  2 wraiths
  2 steam dragons
  5 vampire mosquitoes
  Menkaure (D:7)
  An acid dragon (D:8)
  4 water moccasins
  A sky beast (D:4)
  2 hornet zombies
  2 orc warriors
  An ice beast (D:8)
  3 ogres
  2 centaurs
  4 kobold brigands
  2 bullfrogs (D:8)
  3 scorpions
  A water moccasin zombie (D:7)
  26 killer bees
  4 wights (D:7)
  2 centaur zombies (D:7)
  7 howler monkeys
  2 bullfrog zombies
  2 jellies
  2 hounds
  5 orc priests
  A bullfrog skeleton (D:6)
  A centaur skeleton (D:6)
  Ijyb (D:3)
  3 iguanas
  8 orc wizards
  2 hound skeletons
  A howler monkey zombie (D:9)
  3 gnolls (D:3)
  7 adders
  A white imp (D:7)
  An ufetubus (D:6)
  3 worms
  6 dart slugs
  28 orcs
  A bat skeleton (D:2)
  10 endoplasms
  2 giant cockroaches
  14 goblins
  9 hobgoblins
  2 jackals (D:2)
  29 kobolds
  4 quokkas
  12 ball pythons
  8 bats
  4 frilled lizards
  A quokka skeleton (D:4)
  5 rats
266 creatures vanquished.

Vanquished Creatures (others)
  An orc (D:7)
  2 plants (D:2)
3 creatures vanquished.

Grand Total: 269 creatures vanquished

Table legend:
 A = Non-vault XP
 B = Vault XP
 C = Vault XP percentage of total XP
 D = Non-vault monster count
 E = Vault monster count
 F = Vault count percentage of total count
                 A         B        C        D         E       F
            +---------+---------+-------+---------+---------+-------
      Total |   11075 |    5540 |  33.3 |     230 |      37 |  13.9
            +---------+---------+-------+---------+---------+-------
        D:1 |      48 |       0 |   0.0 |      26 |       0 |   0.0
        D:2 |      67 |      14 |  17.3 |      19 |       6 |  24.0
        D:3 |      95 |      50 |  34.5 |      23 |       7 |  23.3
        D:4 |     597 |       6 |   1.0 |      25 |       2 |   7.4
        D:5 |     574 |       0 |   0.0 |      13 |       0 |   0.0
        D:6 |    1163 |       0 |   0.0 |      18 |       0 |   0.0
        D:7 |    2022 |     374 |  15.6 |      35 |       8 |  18.6
        D:8 |    2205 |     182 |   7.6 |      23 |       5 |  17.9
        D:9 |    2686 |    1041 |  27.9 |      34 |       3 |   8.1
       D:10 |    1618 |    3873 |  70.5 |      14 |       6 |  30.0
            +---------+---------+-------+---------+---------+-------

Illustrated notes

Table legend:
 A = Kills in this place as a percentage of kills in entire the game.
 B = Kills by you in this place as a percentage of kills by you in the entire game.
 C = Kills by friends in this place as a percentage of kills by friends in the entire game.
 D = Other kills in this place as a percentage of other kills in the entire game.
 E = Experience gained in this place as a percentage of experience gained in the entire game.
 F = Experience gained in this place divided by the number of levels of this place that you have seen.
                   A       B       C       D       E      F
               +-------+-------+-------+-------+-------+----------------------
         Total | 100.0 | 100.0 |   N/A | 100.0 | 100.0 | 1107.7
       Dungeon | 100.0 | 100.0 |   N/A | 100.0 | 100.0 | 1661.5
               +-------+-------+-------+-------+-------+----------------------

Table legend: (Time is in decaauts)
 A = Elapsed time spent in this place.
 B = Non-inter-level travel time spent in this place.
 C = Inter-level travel time spent in this place.
 D = Time resting spent in this place.
 E = Time spent auto-exploring this place.
 F = Levels seen in this place.
 G = Mean time per level.
                   A        B        C        D        E       F      G
               +--------+--------+--------+--------+--------+-----+--------+
         Total |  11795 |  11440 |    355 |   2689 |   6795 |  15 |  786.3 |
       Dungeon |  11594 |  11239 |    355 |   2689 |   6725 |  10 | 1159.4 |
         Abyss |    201 |    201 |      0 |      0 |     70 |   5 |   40.2 |
               +--------+--------+--------+--------+--------+-----+--------+

Top non-repeatable levels by time:
     D:7: 3219 daAuts
     D:9: 1971 daAuts
    D:10: 1370 daAuts
     D:8: 1014 daAuts
     D:3: 773 daAuts
     D:1: 715 daAuts
     D:6: 709 daAuts
     D:4: 699 daAuts
     D:2: 659 daAuts
     D:5: 460 daAuts
 Abyss:1: 95 daAuts
 Abyss:2: 36 daAuts
 Abyss:4: 33 daAuts
 Abyss:3: 19 daAuts
 Abyss:5: 15 daAuts
